 Dungeon Crawl Stone Soup version 0.30-a0-170-g85af917532 (webtiles) character file.

Game seed: 14744468250049176015

121 qw the Chopper (level 5, -6/32 HPs)
             Began as a Gargoyle Fighter on Sept 30, 2022.
             Blown up by Ijyb (17 damage)
             ... with a mindburst bolt
             ... on level 3 of the Dungeon.
             The game lasted 00:00:49 (2471 turns).

qw the Chopper (Gargoyle Fighter)                   Turns: 2471, Time: 00:00:50

Health: -6/32      AC: 13    Str: 21    XL:     5   Next: 5%
Magic:  5/5        EV:  7    Int:  9    God:
Gold:   129        SH:  4    Dex:  9    Spells: 4/4 levels left

rFire   . . .      SeeInvis .    Y - +1 war axe
rCold   . . .      Faith    .    c - +0 buckler
rNeg    + . .      Spirit   .    g - +0 chain mail
rPois   inf        Reflect  .    (no helmet)
rElec   +          Harm     .    (no cloak)
rCorr   .          Rampage  .    (no gloves)
Will    .....                    (no boots)
Stlth   ..........               (no amulet)
HPRegen 0.10/turn                (no ring)
MPRegen 0.09/turn                (no ring)

@: no status effects
A: sickness immunity, AC +4, negative energy resistance 1, electricity
resistance, torment resistance 1, petrification resistance
a: no special abilities


You were on level 3 of the Dungeon.
You visited 1 branch of the dungeon, and saw 3 of its levels.

You collected 129 gold pieces.


Innate Abilities, Weirdness & Mutations

You are immune to sickness and miasma.
Your stone body is resilient. (AC +4)
You are immune to poison.
You resist negative energy. (rN+)
You are resistant to electric shocks. (rElec)
You are resistant to unholy torment.
You are immune to petrification.


   Skills:
 - Level 3.2 Fighting
 + Level 4.6 Axes
 - Level 3.2 Armour
 - Level 3.2 Shields


You had 4 spell levels left.
You didn't know any spells.
Your spell library was empty.

Inventory:

Hand Weapons
 h - a +0 flail
 Y - a +1 war axe (weapon)
Armour
 c - a +0 buckler (worn)
 g - a +0 chain mail (worn)
Potions
 a - a potion of lignification {unknown}
 b - a potion of flight {unknown}
 d - a potion of might
 f - a potion of degeneration {unknown}
 j - a potion of curing {unknown}
 k - a potion of heal wounds {unknown}

Dungeon Overview and Level Annotations

Branches:
Dungeon (3/15)

Altars:

Shops:
D:2 =

Annotations:
D:3 Ijyb


Message History

You slash the plant! You block the quokka's attack.
You barely miss the quokka.
The quokka is heavily wounded.
You hit the plant.
A nearby plant withers and dies.
The quokka bites you but does no damage.
The quokka bites you.
You barely miss the quokka.
The quokka is moderately wounded.
The quokka bites you but does no damage.
The quokka bites you.
You barely miss the quokka. The quokka barely misses you.
You barely miss the quokka. The quokka closely misses you.
The quokka bites you but does no damage.
You barely miss the quokka. The quokka barely misses you.
You slash the quokka!
You kill the quokka!
You start resting.
HP restored.
Found a short bronze wand.
Ijyb the Twisted Goblin comes into view.
She is wielding a +1 dagger of venom and carrying a wand of mindburst (18).
Ijyb shouts!
Found a scroll of enchant weapon.
Ijyb zaps a wand.
Your mind is blasted!
2464 ||| FLEEEEING.
2465 ||| FLEEEEING.
2466 ||| FLEEEEING.
2467 ||| FLEEEEING.
Ijyb zaps a wand.
Your mind is blasted!
2468 ||| FLEEEEING.
2469 ||| FLEEEEING.
2470 ||| FLEEEEING.
2471 ||| FLEEEEING.
Found a glaive.
Ijyb zaps a wand.
Your mind is blasted!
Ouch! That really hurt!
You die... 77

7...P.7.7...# ...
..P7.[8.7..7..g# ...
7.7....P7.7...##..#
7.P8.}.87.....#)..# .
7.P?....7.7..#..###..
7..8.P7.7...#.....
7P......7.....#.#
77777..77777.......#
.7..P7P..7.P.7..@..##
ยค......7P....7..#..#
~77.7..P.P7.7.P..<....
7..77..7P.P.7..####.#
777...7.777.7...# #
.7P..7.P.7......##
7.....7.7.......#
777#.77.777.....
#'#......:77


You could see Ijyb.

Vanquished Creatures
  An adder (D:2)
  6 gnolls
  7 endoplasms
  3 giant cockroaches
  2 goblins (D:2)
  4 hobgoblins (D:1)
  2 jackals (D:2)
  7 quokkas
  5 ball pythons
  6 bats
  3 frilled lizards
  3 kobolds
  2 rats (D:2)
51 creatures vanquished.

Vanquished Creatures (others)
  10 plants
10 creatures vanquished.

Grand Total: 61 creatures vanquished

Notes
Turn   | Place    | Note
-------+----------+-------------------------------------------
     0 | D:1      | qw the Gargoyle Fighter began the quest for the Orb.
     0 | D:1      | Reached XP level 1. HP: 14/14 MP: 1/1
     0 | D:1      | 0 ||| qw: Version: 0.2-a-12-gaebbb33
     0 | D:1      | 0 ||| qw: Game counter: 1434
     0 | D:1      | 0 ||| qw: Always use a shield: true
     0 | D:1      | 0 ||| qw: God list: Okawaru
     0 | D:1      | 0 ||| qw: Allow faded altars: false
     0 | D:1      | 0 ||| qw: Do Orc after D:15 true
     0 | D:1      | 0 ||| qw: Do second Lair branch before Depths: true
     0 | D:1      | 0 ||| qw: Lair rune preference: random
     0 | D:1      | 0 ||| qw: Plans: Normal, Zot:1-4, God:TSO, Crypt, Tomb,
                  | Pan, Slime:5, Hells, Abyss, Orb
     0 | D:1      | 0 ||| PLANNING D:1-11
   137 | D:1      | Reached skill level 2 in Axes
   379 | D:1      | Reached XP level 2. HP: 15/19 MP: 2/2
   456 | D:1      | Found a faded altar of an unknown god.
   691 | D:1      | Reached skill level 3 in Axes
   804 | D:1      | Reached XP level 3. HP: 22/23 MP: 3/3
   855 | D:1      | 855 ||| Stepping ~*~*~tactically~*~*~ (stealth).
   863 | D:1      | 863 ||| Stepping ~*~*~tactically~*~*~ (stealth).
  1219 | D:1      | 1219 ||| Stepping ~*~*~tactically~*~*~ (stealth).
  1300 | D:1      | 1300 ||| UPGRADING to +0 chain mail.
  1310 | D:1      | 1310 ||| DROPPING +0 scale mail.
  1311 | D:1      | 1311 ||| READING scroll labelled XEMYCW CUOCHA.
  1312 | D:1      | 1312 ||| READING scroll labelled ZARPHYDWIUDA.
  1394 | D:2      | Found Kataseuss's Jewellery Shoppe.
  1399 | D:2      | 1399 ||| SHOPLISTING +4 ring of slaying (780 gold, have
                  | 69).
  1399 | D:2      | 1399 ||| SHOPLISTING amulet of guardian spirit (300 gold,
                  | have 69).
  1399 | D:2      | 1399 ||| SHOPLISTING amulet of reflection (300 gold, have
                  | 69).
  1399 | D:2      | 1399 ||| SHOPLISTING ring "Matyti" {Will+ Str+4} (404 gold,
                  | have 69).
  1399 | D:2      | 1399 ||| SHOPLISTING ring "Peaxeah" {rPois rC+ Dex+4 Slay+2
                  | SInv} (572 gold, have 69).
  1399 | D:2      | 1399 ||| SHOPLISTING ring of positive energy (200 gold,
                  | have 69).
  1399 | D:2      | 1399 ||| SHOPLISTING ring of resist corrosion (200 gold,
                  | have 69).
  1456 | D:2      | 1456 ||| Stepping ~*~*~tactically~*~*~ (stealth).
  1458 | D:2      | 1458 ||| Stepping ~*~*~tactically~*~*~ (stealth).
  1467 | D:2      | Reached XP level 4. HP: 19/28 MP: 4/4
  1470 | D:2      | HP: 3/28 [gnoll/+0 spear (6)]
  1473 | D:2      | Reached skill level 4 in Axes
  1498 | D:2      | 1498 ||| Stepping ~*~*~tactically~*~*~ (stealth).
  1500 | D:2      | 1500 ||| Stepping ~*~*~tactically~*~*~ (stealth).
  1511 | D:2      | 1511 ||| FLEEEEING.
  1755 | D:2      | 1755 ||| DROPPING +0 whip.
  2219 | D:2      | 2219 ||| READING scroll labelled WAYTSA XISUY.
  2220 | D:2      | 2220 ||| READING scroll labelled DOEWIA MUTAZI.
  2321 | D:2      | 2321 ||| READING scroll labelled QEORUC FYXUC.
  2362 | D:3      | Reached XP level 5. HP: 30/32 MP: 5/5
  2418 | D:3      | 2418 ||| Stepping ~*~*~tactically~*~*~ (stealth).
  2462 | D:3      | Noticed Ijyb
  2464 | D:3      | 2464 ||| FLEEEEING.
  2465 | D:3      | 2465 ||| FLEEEEING.
  2466 | D:3      | 2466 ||| FLEEEEING.
  2467 | D:3      | 2467 ||| FLEEEEING.
  2468 | D:3      | 2468 ||| FLEEEEING.
  2469 | D:3      | 2469 ||| FLEEEEING.
  2470 | D:3      | 2470 ||| FLEEEEING.
  2471 | D:3      | 2471 ||| FLEEEEING.
  2471 | D:3      | Blown up by Ijyb

Levels and vault maps discovered:
D:1:      dpeg_arrival_more_subterranean_lakeside_camping, layout_basic,
          shapermc_ecumenical_altar_mp_urbaneastern, kennysheep_another_room,
          serial_bayou_lagoon_a
D:2:      layout_rooms, serial_shops, shop
D:3:      wad_woods_tower, layout_rooms, old_standard_altar, minivault_27,
          minmay_misc_feat_tower, uniq_terence, uniq_ijyb

Skill      XL: |  1  2  3  4 |
---------------+-------------+-----
Axes           | 2 3 4 |  4.6
Fighting       | |  3.2
Armour         | |  3.2
Shields        | |  3.2

Action                   |  1- 3 |  4- 6 || total
-------------------------+-------+-------++-------
Melee: War axe           |    88 |    59 ||   147
  Use: Scroll            |     2 |     3 ||     5
Armor: Scale mail        |    29 |       ||    29
       Chain mail        |     2 |    31 ||    33
Dodge: Dodged            |    29 |    22 ||    51
Block: Buckler           |    19 |     9 ||    28

Table legend:
 A = Non-vault XP
 B = Vault XP
 C = Vault XP percentage of total XP
 D = Non-vault monster count
 E = Vault monster count
 F = Vault count percentage of total count
                 A         B        C        D         E       F
            +---------+---------+-------+---------+---------+-------
      Total |     141 |      32 |  18.5 |      47 |       4 |   7.8
            +---------+---------+-------+---------+---------+-------
        D:1 |      46 |       0 |   0.0 |      22 |       0 |   0.0
        D:2 |      91 |       0 |   0.0 |      23 |       0 |   0.0
        D:3 |       4 |      32 |  88.9 |       2 |       4 |  66.7
            +---------+---------+-------+---------+---------+-------
